 Dungeon Crawl Stone Soup version 0.24.0-13-gcf9b319 (webtiles) character file.

Game seed: 5271014644426524740, levelgen mode: deterministic

1144 Bronimir the Chiller (level 8, -3/68 HPs)
             Began as a Naga Ice Elementalist on Mar 18, 2020.
             Was a Believer of Okawaru.
             Slain by a gnoll (6 damage)
             ... on level 5 of the Dungeon.
             The game lasted 00:22:47 (4978 turns).

Bronimir the Chiller (Naga Ice Elementalist)        Turns: 4978, Time: 00:22:48

Health: -3/68      AC:  5    Str: 12    XL:     8   Next: 37%
Magic:  0/12       EV: 13    Int: 15    God:    Okawaru [**....]
Gold:   301        SH:  0    Dex: 13    Spells: 1/13 levels left

rFire    . . .     SeeInvis +   F - +2 falchion
rCold    + . .     Gourm    .   (no shield)
rNeg     . . .     Faith    .   f - +0 leather armour
rPois    +         Spirit   +   (no helmet)
rElec    .         Reflect  .   (no cloak)
rCorr    .         Harm     .   (no gloves)
MR       +....                  (no barding)
Stlth    ++++......             s - amulet of guardian spirit
HPRegen  0.21/turn              h - ring of protection from cold
MPRegen  0.13/turn              E - ring of flight

@: heroism, very slow
A: large, see invisible, deformed body, poison resistance, slowness 2, slow
metabolism 1, spit poison 1, AC +2
a: Spit Poison, Heroism, Renounce Religion, Evoke Flight


You were on level 5 of the Dungeon.
You worshipped Okawaru.
Okawaru was pleased with you.
You were not hungry.

You visited 1 branch of the dungeon, and saw 6 of its levels.

You collected 301 gold pieces.

Inventory:

Hand Weapons
 a - a +2 dagger of venom
 v - a +0 hand axe
 y - a +5 dagger
 B - a +0 halberd
 F - a +2 falchion (weapon)
Missiles
 b - 150 stones (quivered)
 g - 39 arrows
 m - 24 sling bullets
 x - 2 javelins
 z - 32 bolts
Armour
 d - a +0 robe
 f - a +0 leather armour (worn)
 t - a +0 ring mail
 D - a +2 shield
Jewellery
 h - a ring of protection from cold (left hand)
 n - an uncursed ring of poison resistance
 s - an amulet of guardian spirit (around neck)
 E - a ring of flight (right hand)
Wands
 e - a wand of iceblast (6)
 r - a wand of disintegration (27)
 A - a wand of acid (5)
Scrolls
 k - 4 scrolls of identify
 l - a scroll of remove curse
 o - 2 scrolls of fog
 p - a scroll of immolation
 C - a scroll of amnesia {unknown}
Potions
 i - a potion of cancellation {unknown}
 q - a potion of curing {unknown}
 u - 2 potions of flight
 w - a potion of brilliance {unknown}
Comestibles
 c - 13 rations
 G - 5 chunks of flesh


   Skills:
 + Level 2.4(7.4) Fighting
 + Level 2.0(7.1) Short Blades
 + Level 1.0(6.6) Long Blades
 + Level 1.6(6.6) Armour
 + Level 2.1(7.1) Dodging
 + Level 4.7(9.7) Stealth
 * Level 1.5(6.5) Shields
 + Level 3.2 Spellcasting
 * Level 2.9 Conjurations
 * Level 1.3 Hexes
 + Level 2.3 Summonings
 * Level 5.9 Ice Magic
 + Level 2.0 Invocations


You had one spell level left.
You knew the following spells:

 Your Spells              Type           Power        Failure   Level  Hunger
a - Freeze                Ice            ###.         2%          1    #......
b - Throw Frost           Conj/Ice       ###...       6%          2    ##.....
c - Ozocubu's Armour      Chrm/Ice       ##......     22%         3    ###....
d - Summon Ice Beast      Ice/Summ       ##......     41%         4    #####..
e - Confusing Touch       Hex            #.....       14%         1    #......
f - Animate Skeleton      Necr           N/A          24%         1    #......

Your spell library contained the following spells:

 Spells                   Type           Power        Failure   Level  Hunger
 Summon Small Mammal      Summ           #...         9%          1    #......
 Apportation              Tloc           #.....       24%         1    #......
 Throw Icicle             Conj/Ice       ###.....     36%         4    #####..


Dungeon Overview and Level Annotations

Branches:
Dungeon (6/15)
 Temple: D:4-7

Altars:
Cheibriados
Dithmenos
Fedhas
Hepliaklqana
Kikubaaqudgha
Okawaru
Sif Muna
Vehumet
Yredelemnul
The Shining One

Shops:
D:4 *

Annotations:
D:5 1 runed translucent door, lordvenom1's ghost, novice DECj


Innate Abilities, Weirdness & Mutations

You cannot wear boots.
Your serpentine skin is tough. (AC +2)
You have supernaturally acute eyesight. (SInv)
Armour fits poorly on your strangely shaped body.
Your system is resistant to poisons. (rPois)
You cover ground very slowly.
You have a slow metabolism.
You can spit poison.


Message History

You slash the jackal!
You kill the jackal!
Okawaru accepts your kill. The gnoll hits you.
* * * LOW HITPOINT WARNING * * *
You hear a bark!
You hear a shout!
You climb upwards.
Level annotation: 1 runed translucent door, lordvenom1's ghost, novice DECj
There is a stone staircase leading down here.
You gain the combat prowess of a mighty hero.
The gnoll hits you.
* * * LOW HITPOINT WARNING * * *
You hit the gnoll.
The gnoll is moderately wounded.
The gnoll barely misses you.
You riposte.
You closely miss the gnoll.
The gnoll is moderately wounded.
You hit the gnoll.
The gnoll is severely wounded.
The gnoll hits you.
You die...

..## #.# #.####### #.# ...# #.#
##'## #.# ...# ### ##...## #.#
...# ##..<..## ##.## #..#
####.......## ##..†# ##.######
#.#.........####...[# .....)..##
##..........+.......#
###.##...###.#.........####....#
#.##.#..#)###g@.....## ##.#.##
#.##.###.## ##.....## ###..#
#.....)..# ##...## ##.#
####.##### ##+### #.# #.# ##...#
#.# #.# ##..#.#### #.#
#.#########........# #.#
#..............###.# #.#
###########.....##.#######.#


You could see a gnoll.

Vanquished Creatures
  2 water moccasins (D:6)
  An ice beast (D:5)
  A phantom (D:6)
  2 scorpions
  A crimson imp (D:5)
  2 hounds
  An orc priest (D:3)
  5 orc wizards
  6 worker ants
  4 gnolls
  9 adders
  2 shadow imps (D:5)
  3 oozes
  4 worms
  3 dart slugs
  2 leopard geckos
  15 orcs
  7 bats
  3 giant cockroaches
  7 goblins
  5 hobgoblins
  3 jackals
  2 quokkas
  A ball python (D:5)
  5 frilled lizards
  10 kobolds
  A leopard gecko skeleton (D:4)
  A leopard gecko zombie (D:6)
  A quokka skeleton (D:6)
  5 rats
114 creatures vanquished.

Notes
Turn   | Place    | Note
-------+----------+-------------------------------------------
     0 | D:1      | Bronimir the Naga Ice Elementalist began the quest for the
                  | Orb.
     0 | D:1      | Reached XP level 1. HP: 15/15 MP: 3/3
   308 | D:1      | Reached XP level 2. HP: 22/22 MP: 5/5
   510 | D:1      | Reached XP level 3. HP: 24/28 MP: 3/6
   909 | D:2      | Reached skill level 4 in Ice Magic
   960 | D:2      | Reached skill level 1 in Fighting
   998 | D:2      | Found a faded altar of an unknown god.
  1038 | D:2      | Learned a level 2 spell: Throw Frost
  1042 | D:2      | Learned a level 3 spell: Ozocubu's Armour
  1088 | D:2      | Reached XP level 4. HP: 38/38 MP: 7/7
  1218 | D:2      | Found a blossoming altar of Fedhas.
  1220 | D:2      | Found an ancient bone altar of Kikubaaqudgha.
  1534 | D:2      | Found a glowing golden altar of the Shining One.
  1623 | D:2      | Found a shadowy altar of Dithmenos.
  1623 | D:2      | Found an iron altar of Okawaru.
  1646 | D:2      | Became a worshipper of Warmaster Okawaru
  1694 | D:3      | Found a radiant altar of Vehumet.
  1925 | D:3      | Found a snail-covered altar of Cheibriados.
  1941 | D:3      | Found a hazy altar of Hepliaklqana.
  2038 | D:3      | Found a shimmering blue altar of Sif Muna.
  2045 | D:3      | Reached XP level 5. HP: 44/44 MP: 8/8
  2060 | D:3      | Reached skill level 1 in Invocations
  2210 | D:3      | Reached skill level 1 in Short Blades
  2222 | D:3      | Reached XP level 6. HP: 32/52 MP: 2/9
  2607 | D:4      | Found Cired's Assorted Antiques.
  2787 | D:4      | Learned a level 4 spell: Summon Ice Beast
  3117 | D:4      | Reached * piety under Okawaru
  3117 | D:4      | Reached skill level 5 in Ice Magic
  3434 | D:5      | Entered Level 5 of the Dungeon
  3446 | D:5      | Reached XP level 7. HP: 52/60 MP: 2/11
  3534 | D:5      | Reached skill level 1 in Summonings
  4183 | D:5      | Found a basalt altar of Yredelemnul.
  4357 | D:5      | Found a runed translucent door.
  4376 | D:5      | Reached skill level 1 in Armour
  4380 | D:5      | Noticed lordvenom1's ghost (novice DECj)
  4380 | D:5      | Noticed a yak
  4510 | D:5      | You fall into a shaft and drop 1 floor!
  4527 | D:6      | Learned a level 1 spell: Confusing Touch
  4529 | D:6      | Learned a level 1 spell: Animate Skeleton
  4624 | D:6      | Reached XP level 8. HP: 33/67 MP: 3/12
  4868 | D:6      | Reached ** piety under Okawaru
  4868 | D:6      | Reached skill level 1 in Shields
  4897 | D:6      | Reached skill level 1 in Hexes
  4963 | D:6      | Reached skill level 1 in Long Blades
  4976 | D:5      | HP: 3/68 [gnoll (4)]
  4978 | D:5      | Slain by a gnoll

Levels and vault maps discovered:
D:1:      minmay_arrival_five_plusses, layout_rooms
D:2:      layout_loops_ring, grunt_temple_overflow_growth_and_decay,
          gammafunk_temple_overflow_elements, nicolae_overflow_hidden_temple,
          chequers_ecumenical_altar_simple
D:3:      layout_loops_ring, lemuel_crystal_altar, led_sif_book,
          cheibriados_altar_1, overflow_temple_1_default
D:4:      layout_cave_pools, serial_shops, shop, first_ration
D:5:      minmay_opposing_rooms, layout_loops_corners, lemuel_doored_altar,
          ebering_ghost_inner_flame
D:6:      layout_rooms, nicolae_ru_great_annihilating_truth, serial_glass,
          glass_columns_b, glass_columns_a, minmay_misc_feat_nine_boxes

Skill      XL: |  1  2  3  4  5  6  7  8 |
---------------+-------------------------+-----
Ice Magic      | 4 5 |  5.9
Fighting       | 1 2 |  2.4
Invocations    | 1 2 |  2.0
Short Blades   | 1 2 |  2.0
Stealth        | 4 |  4.7
Conjurations   | 2 |  2.9
Summonings     | 2 |  2.3
Spellcasting   | 3 |  3.2
Armour         | 1 |  1.6
Dodging        | 2 |  2.1
Shields        | 1 |  1.5
Hexes          | 1 |  1.3
Long Blades    | 1 |  1.0

Action                   |  1- 3 |  4- 6 |  7- 9 || total
-------------------------+-------+-------+-------++-------
Melee: Dagger            |    15 |   101 |    84 ||   200
       Falchion          |       |       |    32 ||    32
 Cast: Freeze            |    26 |    32 |    31 ||    89
       Throw Frost       |       |    12 |     2 ||    14
       Ozocubu's Armour  |       |     1 |       ||     1
Invok: Heroism           |       |       |     1 ||     1
 Abil: Spit Poison       |    10 |    29 |    10 ||    49
  Use: Scroll            |       |       |     8 ||     8
       Potion            |       |       |     4 ||     4
 Stab: Sleeping          |     5 |     6 |     5 ||    16
  Eat: Chunk             |     1 |     8 |     6 ||    15
Armor: Robe              |     8 |    13 |       ||    21
       Leather armour    |       |    20 |    28 ||    48
       Skin              |       |       |     2 ||     2
Dodge: Dodged            |    15 |    73 |    51 ||   139
       Rpst.: Falchion   |       |       |    12 ||    12
